SNL (28 & UNDER)
NEW HAMPSHIRE FISHER CATS @ BLACKIRON DRAGONS
09/19/2025
 
TOP OF THE 1ST
New Hampshire Fisher Cats batting - Pitching for BlackIron Dragons : RHP Fernando Mendoza
Pitching: RHP Fernando Mendoza
Batting: RHB Benjamin Lawson 0-0: Called Strike
0-1: Foul Ball, location: 2F
0-2: Ball
1-2: Strikes out swinging
Batting: LHB Tony Rivera 0-0: Ground out 6-3 (Groundball, 6)
Batting: SHB Ken Hernández 0-0: Called Strike
0-1: Ball
1-1: Called Strike
1-2: Foul Ball, location: 2F
1-2: Foul Ball, location: 2F
1-2: Foul Ball, location: 2F
1-2: Ground out 3-1 (Groundball, 3L)
Top of the 1st over - 0 run(s), 0 hit(s), 0 error(s), 0 left on base; New Hampshire 0 - BlackIron 0
BOTTOM OF THE 1ST
BlackIron Dragons batting - Pitching for New Hampshire Fisher Cats : RHP Ralph Willaims
Pitching: RHP Ralph Willaims
Batting: RHB Juan Hernández 0-0: Swinging Strike
0-1: Ball
1-1: Ball
2-1: Fly out, F6 (Line Drive, 6)
Batting: RHB Jesús Cruz 0-0: Called Strike
0-1: Foul Ball, location: 2F
0-2: Ball
1-2: Ball
2-2: Foul Ball, location: 2F
2-2: Ball
3-2: Foul Ball, location: 2F
3-2: Ground out 4-3 (Groundball, 4)
Batting: LHB Culley Vaughan 0-0: Called Strike
0-1: Foul Ball, location: 2F
0-2: Strikes out swinging
Bottom of the 1st over - 0 run(s), 0 hit(s), 0 error(s), 0 left on base; New Hampshire 0 - BlackIron 0
TOP OF THE 2ND
New Hampshire Fisher Cats batting - Pitching for BlackIron Dragons : RHP Fernando Mendoza
Batting: LHB Wilson Torres 0-0: Ball
1-0: Ball
2-0: Fly out, F9 (Flyball, 9LS)
Batting: RHB Felipe Rivas 0-0: Ball
1-0: Ball
2-0: Ground out 4-3 (Groundball, 4M)
Batting: LHB Cam Flowers 0-0: Foul Ball, location: 2F
0-1: Ball
1-1: Foul Ball, location: 2F
1-2: Ball
2-2: Ground out U3 (Groundball, 3L)
Top of the 2nd over - 0 run(s), 0 hit(s), 0 error(s), 0 left on base; New Hampshire 0 - BlackIron 0
BOTTOM OF THE 2ND
BlackIron Dragons batting - Pitching for New Hampshire Fisher Cats : RHP Ralph Willaims
Batting: LHB Donnie Cunningham 0-0: Ground out U3 (Groundball, 3)
Batting: RHB Preston MacLyan 0-0: Called Strike
0-1: Ball
1-1: Called Strike
1-2: Ball
2-2: Ground out 5-3 (Groundball, 56S)
Batting: RHB Frank Maxwell 0-0: Called Strike
0-1: SINGLE (Line Drive, 56D)
Batting: RHB Mark Arnold 0-0: Foul Ball, location: 2F
0-1: Called Strike
0-2: Strikes out swinging
Bottom of the 2nd over - 0 run(s), 1 hit(s), 0 error(s), 1 left on base; New Hampshire 0 - BlackIron 0
TOP OF THE 3RD
New Hampshire Fisher Cats batting - Pitching for BlackIron Dragons : RHP Fernando Mendoza
Batting: RHB Franklin Lawrence 0-0: Ball
1-0: Ball
2-0: Fly out, F7 (Popup, 6MD)
Batting: LHB Héctor Rentería 0-0: Foul Ball, location: 2F
0-1: Ball
1-1: Ball
2-1: Foul Ball, location: 2F
2-2: Strikes out swinging
Batting: RHB Tim Robertson 0-0: Ball
1-0: Foul Ball, location: 2F
1-1: Called Strike
1-2: Foul Ball, location: 2F
1-2: SINGLE (Line Drive, 56D)
Batting: RHB Benjamin Lawson 0-0: Ball
1-0: Ball
2-0: Foul Ball, location: 2F
2-1: Ground out 5-3 (Groundball, 5S)
Top of the 3rd over - 0 run(s), 1 hit(s), 0 error(s), 1 left on base; New Hampshire 0 - BlackIron 0
BOTTOM OF THE 3RD
BlackIron Dragons batting - Pitching for New Hampshire Fisher Cats : RHP Ralph Willaims
Batting: RHB Doug O'Brien 0-0: Ball
1-0: Fly out, F7 (Line Drive, 7M)
Batting: RHB Eugene Payne 0-0: Called Strike
0-1: Ball
1-1: Ground out 6-3 (Groundball, 6S)
Batting: RHB Juan Hernández 0-0: Called Strike
0-1: Ball
1-1: Fly out, F8 (Line Drive, 8RM)
Bottom of the 3rd over - 0 run(s), 0 hit(s), 0 error(s), 0 left on base; New Hampshire 0 - BlackIron 0
TOP OF THE 4TH
New Hampshire Fisher Cats batting - Pitching for BlackIron Dragons : RHP Fernando Mendoza
Batting: LHB Tony Rivera 0-0: Ball
1-0: Called Strike
1-1: Ball
2-1: Ball
3-1: Swinging Strike
3-2: Base on Balls
Batting: SHB Ken Hernández 0-0: Fly out, F6 (Line Drive, 6)
Batting: LHB Wilson Torres 0-0: Swinging Strike
0-1: Ball
1-1: Called Strike
1-2: Ball
2-2: Foul Ball, location: 2F
2-2: Foul Ball, location: 2F
2-2: Ball
Tony Rivera steals 2nd base
3-2: Strikes out looking
Batting: RHB Felipe Rivas 0-0: Foul Ball, location: 2F
0-1: Ball
1-1: Ball
2-1: Ball
3-1: Ground out 6-3 (Groundball, 6)
Top of the 4th over - 0 run(s), 0 hit(s), 0 error(s), 1 left on base; New Hampshire 0 - BlackIron 0
BOTTOM OF THE 4TH
BlackIron Dragons batting - Pitching for New Hampshire Fisher Cats : RHP Ralph Willaims
Batting: RHB Jesús Cruz 0-0: Fly out, F7 (Flyball, 78M)
Batting: LHB Culley Vaughan 0-0: Ball
1-0: Called Strike
1-1: Ball
2-1: Called Strike
2-2: Strikes out swinging
Batting: LHB Donnie Cunningham 0-0: SINGLE (Groundball, 6MD)
Batting: RHB Preston MacLyan 0-0: Ball
1-0: Ball
2-0: Called Strike
Donnie Cunningham steals 2nd base
2-1: Ground out 4-3 (Groundball, 4)
Bottom of the 4th over - 0 run(s), 1 hit(s), 0 error(s), 1 left on base; New Hampshire 0 - BlackIron 0
TOP OF THE 5TH
New Hampshire Fisher Cats batting - Pitching for BlackIron Dragons : RHP Fernando Mendoza
Batting: LHB Cam Flowers 0-0: Ball
1-0: Called Strike
1-1: Ball
2-1: Ball
3-1: Foul Ball, location: 2F
3-2: Foul Ball, location: 2F
3-2: Base on Balls
Batting: RHB Franklin Lawrence 0-0: Ball
1-0: Swinging Strike
1-1: Called Strike
1-2: Strikes out swinging
Batting: LHB Héctor Rentería 0-0: Called Strike
0-1: Ball
1-1: Ball
2-1: SINGLE (Flyball, 7LS)
Cam Flowers to second
Batting: RHB Tim Robertson 0-0: Foul Ball, location: 2F
0-1: Fly out, F9 (Flyball, 89M)
Batting: RHB Benjamin Lawson 0-0: Ball
1-0: Ball
2-0: Called Strike
2-1: Ball
3-1: Base on Balls
Cam Flowers to third
Héctor Rentería to second
Batting: LHB Tony Rivera 0-0: Ball
1-0: Ball
2-0: Ball
3-0: Called Strike
3-1: Foul Ball, location: 2F
3-2: Base on Balls
Cam Flowers scores
Héctor Rentería to third
Benjamin Lawson to second
Batting: SHB Ken Hernández 0-0: Called Strike
0-1: SINGLE (Groundball, 6MD) (infield hit)
Héctor Rentería scores
Benjamin Lawson to third
Tony Rivera to second
Batting: LHB Wilson Torres 0-0: Foul Ball, location: 2F
0-1: Ball
1-1: Fly out, F7 (Flyball, 78D)
Top of the 5th over - 2 run(s), 2 hit(s), 0 error(s), 3 left on base; New Hampshire 2 - BlackIron 0
BOTTOM OF THE 5TH
BlackIron Dragons batting - Pitching for New Hampshire Fisher Cats : RHP Ralph Willaims
Batting: RHB Frank Maxwell 0-0: Ball
1-0: Called Strike
1-1: Foul Ball, location: 2F
1-2: Foul Ball, location: 2F
1-2: Ball
2-2: Ball
3-2: Foul Ball, location: 2F
3-2: Foul Ball, location: 2F
3-2: Foul Ball, location: 2F
3-2: Ground out 5-3 (Groundball, 5)
Batting: RHB Mark Arnold 0-0: Called Strike
0-1: Foul Ball, location: 2F
0-2: Ground out 2-3 (Groundball, 2L)
Batting: RHB Doug O'Brien 0-0: Fly out, F9 (Flyball, 9D)
Bottom of the 5th over - 0 run(s), 0 hit(s), 0 error(s), 0 left on base; New Hampshire 2 - BlackIron 0
TOP OF THE 6TH
New Hampshire Fisher Cats batting - Pitching for BlackIron Dragons : RHP Fernando Mendoza
Pitching: RHP Ken Burris
Batting: RHB Felipe Rivas 0-0: Ball
1-0: Swinging Strike
1-1: Ball
2-1: Called Strike
2-2: SINGLE (Groundball, 4MD)
Batting: LHB Cam Flowers 0-0: Ball
Felipe Rivas steals 2nd base
1-0: Intentional Walk
Batting: RHB Franklin Lawrence 0-0: Ball
1-0: Swinging Strike
1-1: Fly out, F8 (Flyball, 8LM)
Batting: LHB Héctor Rentería 0-0: Ground out 4-3 (Groundball, 4M)
Felipe Rivas to third
Cam Flowers to second
Batting: RHB Tim Robertson 0-0: Ball
1-0: Ball
2-0: Ball
3-0: Base on Balls
Batting: RHB Benjamin Lawson 0-0: Foul Ball, location: 2F
0-1: Ball
1-1: Foul Ball, location: 2F
1-2: Ball
2-2: Ground out U3 (Groundball, 3)
Top of the 6th over - 0 run(s), 1 hit(s), 0 error(s), 3 left on base; New Hampshire 2 - BlackIron 0
BOTTOM OF THE 6TH
BlackIron Dragons batting - Pitching for New Hampshire Fisher Cats : RHP Ralph Willaims
Batting: RHB Eugene Payne 0-0: Called Strike
0-1: Swinging Strike
0-2: Ball
1-2: Ball
2-2: Strikes out swinging
Batting: RHB Juan Hernández 0-0: Called Strike
0-1: Ball
1-1: Swinging Strike
1-2: Strikes out swinging
Batting: RHB Jesús Cruz 0-0: Ball
1-0: Called Strike
1-1: Foul Ball, location: 2F
1-2: Ball
2-2: Ball
3-2: Foul Ball, location: 2F
3-2: SINGLE (Line Drive, 4MD)
Batting: LHB Culley Vaughan 0-0: Ball
1-0: Called Strike
1-1: Called Strike
1-2: SINGLE (Groundball, 34)
Jesús Cruz to second
Runner from 2nd tries for 3rd, OUT!
Bottom of the 6th over - 0 run(s), 2 hit(s), 0 error(s), 1 left on base; New Hampshire 2 - BlackIron 0
TOP OF THE 7TH
New Hampshire Fisher Cats batting - Pitching for BlackIron Dragons : RHP Ken Burris
Batting: LHB Tony Rivera 0-0: Ball
1-0: Ball
2-0: Foul Ball, location: 2F
2-1: Fly out, F6 (Popup, 56D)
Batting: SHB Ken Hernández 0-0: Ball
1-0: SINGLE (Groundball, 3S)
Batting: LHB Wilson Torres 0-0: Ball
Throwing error on steal attempt, E2
Ken Hernández to third
1-0: SINGLE (Groundball, 3S) (infield hit)
Batting: RHB Felipe Rivas 0-0: Ball
1-0: Ball
2-0: Ball
3-0: Called Strike
3-1: Called Strike
3-2: Foul Ball, location: 2F
3-2: Reached on Error, E8 (Flyball, 78XD)
Ken Hernández scores
Wilson Torres to third
Batting: LHB Cam Flowers 0-0: Intentional Walk
Pitching: RHP Jayson Simms
Batting: RHB Franklin Lawrence 0-0: Called Strike
0-1: SINGLE (Groundball, 4M)
Wilson Torres scores
Felipe Rivas to third
Cam Flowers to second
Runner from 3rd tries for Home, throw and OUT!
Cam Flowers to third
Franklin Lawrence to second
Batting: LHB Héctor Rentería 0-0: Ball
1-0: Fly out, F7 (Line Drive, 78M)
Top of the 7th over - 2 run(s), 3 hit(s), 2 error(s), 2 left on base; New Hampshire 4 - BlackIron 0
BOTTOM OF THE 7TH
BlackIron Dragons batting - Pitching for New Hampshire Fisher Cats : RHP Ralph Willaims
Batting: LHB Donnie Cunningham 0-0: Called Strike
0-1: Ball
1-1: Fly out, F7 (Flyball, 7LD)
Batting: RHB Preston MacLyan 0-0: Called Strike
0-1: TRIPLE (Line Drive, 9LM)
Batting: RHB Frank Maxwell 0-0: Called Strike
0-1: Swinging Strike
0-2: Strikes out looking
Batting: RHB Mark Arnold 0-0: Swinging Strike
0-1: Foul Ball, location: 2F
0-2: Strikes out swinging
Bottom of the 7th over - 0 run(s), 1 hit(s), 0 error(s), 1 left on base; New Hampshire 4 - BlackIron 0
TOP OF THE 8TH
New Hampshire Fisher Cats batting - Pitching for BlackIron Dragons : RHP Jayson Simms
Batting: RHB Tim Robertson 0-0: Ball
1-0: Called Strike
1-1: Fly out, F3 (Popup, 23)
Batting: RHB Benjamin Lawson 0-0: Ball
1-0: Swinging Strike
1-1: Foul Ball, location: 2F
1-2: Ball
2-2: Ball
3-2: Strikes out swinging
Batting: LHB Tony Rivera 0-0: Ball
1-0: Ball
2-0: Ball
3-0: Base on Balls
Batting: SHB Ken Hernández 0-0: Ball
Tony Rivera steals 2nd base
1-0: Swinging Strike
1-1: Swinging Strike
1-2: Ball
2-2: Ball
3-2: Foul Ball, location: 2F
3-2: Base on Balls
Batting: LHB Wilson Torres 0-0: Ball
1-0: Ball
2-0: Ball
3-0: Called Strike
3-1: Swinging Strike
3-2: Base on Balls
Tony Rivera to third
Ken Hernández to second
Batting: RHB Felipe Rivas 0-0: Ball
1-0: Called Strike
1-1: Ball
2-1: GRAND SLAM HOME RUN (Line Drive, 89XD), Distance : 426 ft
Batting: LHB Cam Flowers 0-0: Ball
1-0: Ball
2-0: Fly out, F9 (Line Drive, 9LM)
Top of the 8th over - 4 run(s), 1 hit(s), 0 error(s), 0 left on base; New Hampshire 8 - BlackIron 0
BOTTOM OF THE 8TH
BlackIron Dragons batting - Pitching for New Hampshire Fisher Cats : RHP Ralph Willaims
Pitching: RHP Gustavo Rodríguez
Now at 1B: Michael Kent
Now at 2B: Steve Garneys
Now in LF: Si-xun Li
Batting: RHB Doug O'Brien 0-0: Called Strike
0-1: Called Strike
0-2: Ball
1-2: Foul Ball, location: 2F
1-2: Ball
2-2: Strikes out swinging
Batting: RHB Eugene Payne 0-0: Ground out 5-3 (Groundball, 56)
Batting: RHB Juan Hernández 0-0: Called Strike
0-1: Ball
1-1: Called Strike
1-2: Ball
2-2: Fly out, F7 (Flyball, 7M)
Bottom of the 8th over - 0 run(s), 0 hit(s), 0 error(s), 0 left on base; New Hampshire 8 - BlackIron 0
TOP OF THE 9TH
New Hampshire Fisher Cats batting - Pitching for BlackIron Dragons : RHP Jayson Simms
Batting: RHB Franklin Lawrence 0-0: Called Strike
0-1: Ball
1-1: Ball
2-1: Foul Ball, location: 2F
2-2: Strikes out swinging
Batting: LHB Héctor Rentería 0-0: Ball
1-0: Foul Ball, location: 2F
1-1: Ball
2-1: Ball
3-1: Called Strike
3-2: Foul Ball, location: 2F
3-2: Foul Ball, location: 2F
3-2: Base on Balls
Batting: RHB Tim Robertson 0-0: Called Strike
Héctor Rentería steals 2nd base
0-1: Swinging Strike
0-2: Strikes out swinging
Batting: RHB Benjamin Lawson 0-0: Ball
1-0: Ball
2-0: Ball
Héctor Rentería steals 3rd base
3-0: Base on Balls
Batting: LHB Tony Rivera 0-0: Ball
1-0: Called Strike
1-1: Ball
2-1: Ball
3-1: Base on Balls
Benjamin Lawson to second
Batting: SHB Ken Hernández 0-0: Ball
1-0: TRIPLE (Line Drive, 9LS)
Héctor Rentería scores
Benjamin Lawson scores
Tony Rivera scores
Pitching: LHP Ben Newman
Pinch Runner at 3rd Lester Olsen:
Batting: RHB Si-xun Li 0-0: Ball
1-0: Foul Ball, location: 2F
1-1: Swinging Strike
Passed Ball!
Lester Olsen scores
1-2: Foul Ball, location: 2F
1-2: Ground out 6-3 (Groundball, 6)
Top of the 9th over - 4 run(s), 1 hit(s), 0 error(s), 0 left on base; New Hampshire 12 - BlackIron 0
BOTTOM OF THE 9TH
BlackIron Dragons batting - Pitching for New Hampshire Fisher Cats : RHP Gustavo Rodríguez
Now at SS: Roberto Gonzáles
Batting: RHB Jesús Cruz 0-0: Bunt for hit - play at first, batter OUT! 3-4
Batting: LHB Culley Vaughan 0-0: Ground out 4-3 (Groundball, 4)
Batting: LHB Donnie Cunningham 0-0: Called Strike
0-1: Ground out 1-3 (Groundball, 13)
Bottom of the 9th over - 0 run(s), 0 hit(s), 0 error(s), 0 left on base; New Hampshire 12 - BlackIron 0
This league is powered by Out of the Park Baseball, the baseball management simulation game for PC, Mac and Linux
Tuesday, August 2nd, 2016 - OOTP Baseball 16.8 Build 38